 Dungeon Crawl Stone Soup version 0.21-a0-414-gba8bdf1 (webtiles) character file.

371 n0claF the Insei (level 6, -1/43 HPs)
             Began as a Merfolk Transmuter on Nov 2, 2017.
             Succumbed to DEFE's ghost's poison
             ... on level 4 of the Dungeon.
             The game lasted 00:11:48 (3297 turns).

n0claF the Insei (Merfolk Transmuter)               Turns: 3297, Time: 00:11:48

Health: -1/43      AC:  2    Str: 10    XL:     6   Next: 70%
Magic:  7/10       EV: 22    Int: 15    God:
Gold:   97         SH:  0    Dex: 19    Spells: 2/11 levels left

rFire    . . .     SeeInvis .     - Unarmed
rCold    . . .     Gourm    .   (shield currently unavailable)
rNeg     . . .     Faith    +   (armour currently unavailable)
rPois    x         Spirit   .   (helmet currently unavailable)
rElec    .         Reflect  .   (cloak currently unavailable)
rCorr    .         Harm     .   (gloves currently unavailable)
MR       .....                  (boots currently unavailable)
Stlth    ++........             t - amulet of faith
HPRegen  0.14/turn              (no ring)
MPRegen  0.12/turn              (no ring)

@: lethally poisoned (-1 -> -36), spider-form (expiring), hasted, very quick
A: (change form in water), (swift swim), (stealthy swim)
a: End Transformation


You were on level 4 of the Dungeon.
You were hungry.
You were a venomous arachnid creature.
You visited 1 branch of the dungeon, and saw 4 of its levels.

You collected 97 gold pieces.

Inventory:

Missiles
 a - 30 arrows
Armour
 b - a +0 robe (melded)
Jewellery
 t - an amulet of faith (around neck)
Wands
 n - a wand of polymorph (14/24)
 p - a wand of lightning (8/15)
Scrolls
 f - a scroll of fear
 h - 5 scrolls of identify
 i - 2 scrolls of fog {unknown}
 l - a scroll of teleportation {unknown}
 q - a scroll of enchant weapon {unknown}
 v - a scroll of enchant armour {unknown}
Potions
 e - a potion of lignification
 j - a potion of might
 k - a potion of haste
 m - a potion of berserk rage
 r - a potion of mutation
 s - 2 potions of curing {unknown}
Books
 c - a book of Changes

   Spells                             Type                      Level
   a - Beastly Appendage              Transmutation                1
   b - Sticks to Snakes               Transmutation                2
   c - Spider Form                    Transmutation/Poison         3
   d - Ice Form                       Ice/Transmutation            4
   e - Blade Hands                    Transmutation                5
Comestibles
 d - 4 bread rations
 g - 3 meat rations
 u - a chunk of flesh


   Skills:
 - Level 1.3 Fighting
 - Level 3.4 Dodging
 - Level 1.2 Stealth
 + Level 5.4 Unarmed Combat
 - Level 3.0 Spellcasting
 + Level 5.1 Transmutations
 + Level 2.1 Poison Magic


You had 2 spell levels left.
You knew the following spells:

 Your Spells              Type           Power        Failure   Level  Hunger
a - Beastly Appendage     Tmut           ###...       10%         1    #......
b - Spider Form           Tmut/Pois      ##........   30%         3    ###....
c - Blade Hands           Tmut           ###.......   77%         5    ######.


Dungeon Overview and Level Annotations

Branches:
Dungeon (4/15)
 Temple: D:4-7

Altars:

Annotations:
D:4 DEFE's ghost, amateur DEWr


Message History

You hit DEFE's ghost but do no damage.
DEFE's ghost is heavily damaged.
You feel sick. DEFE's ghost hits you.
You are more poisoned.
You hit DEFE's ghost but do no damage.
DEFE's ghost is heavily damaged.
* * * LOW HITPOINT WARNING * * *
You feel very sick. DEFE's ghost closely misses you.
You feel yourself speed up.
* * * LOW HITPOINT WARNING * * *
You feel very sick. DEFE's ghost barely misses you.
* * * LOW HITPOINT WARNING * * *
You feel sick.
* * * LOW HITPOINT WARNING * * *
You feel sick.
* * * LOW HITPOINT WARNING * * *
You feel sick.
You die...

########.#######.
#.# #.# ###.#####
#.......#
#.#####.# #.###
#.# ....# #.# ##
#.###s###.##
#............
#.W##.###.###
#...#.# #)##...#
..# ...# #...
##... ...# #...#
#..# ##.#


You could see DEFE's ghost.

Vanquished Creatures
  2 crimson imps
  An orc priest (D:4)
  A hound (D:4)
  Jessica (D:2)
  3 worker ants (D:4)
  3 gnolls (D:2)
  5 adders
  An ooze (D:2)
  3 worms
  A dart slug (D:1)
  A leopard gecko (D:3)
  3 orcs
  5 bats
  3 giant cockroaches
  6 goblins
  3 hobgoblins
  8 jackals
  2 quokkas
  A ball python (D:2)
  3 frilled lizards
  5 kobolds
  A quokka skeleton (D:4)
  4 rats (D:1)
66 creatures vanquished.

Notes
Turn   | Place    | Note
-------+----------+-------------------------------------------
     0 | D:1      | n0claF the Merfolk Transmuter began the quest for the Orb.
     0 | D:1      | Reached XP level 1. HP: 15/15 MP: 3/3
   239 | D:1      | Reached XP level 2. HP: 21/21 MP: 3/5
   806 | D:2      | Reached XP level 3. HP: 22/26 MP: 4/6
   811 | D:2      | Learned a level 3 spell: Spider Form
   825 | D:2      | Reached XP level 4. HP: 27/32 MP: 3/7
   876 | D:2      | Noticed Jessica
   911 | D:2      | Killed Jessica
   943 | D:2      | Reached XP level 5. HP: 7/37 MP: 1/9
  1130 | D:2      | Learned a level 5 spell: Blade Hands
  1185 | D:2      | Reached skill level 1 in Stealth
  2954 | D:4      | Reached skill level 1 in Poison Magic
  2954 | D:4      | Reached XP level 6. HP: 43/43 MP: 6/10
  2980 | D:4      | Reached skill level 5 in Unarmed Combat
  3253 | D:4      | Noticed DEFE's ghost (amateur DEWr)
  3263 | D:4      | Reached skill level 5 in Transmutations
  3296 | D:4      | HP: 1/43 [poisoned by DEFE's ghost]
  3297 | D:4      | Succumbed to DEFE's ghost's poison

Vault maps used:
D:1:      kennysheep_arrival_forest
D:2:      uniq_jessica
D:3:      first_bread, nrook_loot_triangle, kennysheep_small_spiral
D:4:      minivault_25, minmay_vboxes

Skill      XL: |  1  2  3  4  5  6 |
---------------+-------------------+-----
Dodging        | 3 |  3.4
Transmutations | 3 4 5 |  5.1
Unarmed Combat | 4 5 |  5.4
Stealth        | 1 |  1.2
Spellcasting   | 3 |  3.0
Poison Magic   | 1 2 |  2.1
Fighting       | |  1.3

Action                   |  1- 3 |  4- 6 || total
-------------------------+-------+-------++-------
Melee: Unarmed           |    52 |   154 ||   206
       Headbutt          |     5 |       ||     5
 Cast: Beastly Appendage |    13 |       ||    13
       Spider Form       |     1 |    29 ||    30
  Use: Scroll            |       |     6 ||     6
       Potion            |       |     2 ||     2
 Stab: Sleeping          |     1 |     3 ||     4
  Eat: Chunk             |       |    12 ||    12
Armor: Robe              |     7 |       ||     7
       Skin              |       |     4 ||     4
Dodge: Dodged            |    31 |   132 ||   163

Table legend:
 A = Spawn XP
 B = Non-spawn XP
 C = Spawn XP percentage of total XP
 D = Spawn monster count
 E = Non-spawn monster count
 F = Spawn count percentage of total count
 G = Total turns spent on level
                    A         B        C        D         E        F      G
               +---------+---------+-------+---------+---------+-------+---------
         Total |       0 |     530 |   0.0 |       0 |      66 |   0.0 |  3297
               +---------+---------+-------+---------+---------+-------+---------
           D:1 |       0 |      24 |   0.0 |       0 |      14 |   0.0 |   796
           D:2 |       0 |     200 |   0.0 |       0 |      24 |   0.0 |   785
           D:3 |       0 |      27 |   0.0 |       0 |      14 |   0.0 |  1287
           D:4 |       0 |     279 |   0.0 |       0 |      14 |   0.0 |   429
               +---------+---------+-------+---------+---------+-------+---------
